 Dungeon Crawl Stone Soup version 0.28.0-43-g3370ac3207 (webtiles) character file.

Game seed: 193819611610102664

1239 Orthodox the Skirmisher (level 8, -1/70 HPs)
             Began as a White Draconian Transmuter on Mar 8, 2022.
             Was an Initiate of Cheibriados.
             Slain by a gnoll sergeant
             ... wielding a +0 spear
              (12 damage)
             ... on level 8 of the Dungeon on Mar 9, 2022.
             The game lasted 00:34:44 (9621 turns).

Orthodox the Skirmisher (DrTm)                      Turns: 9621, Time: 00:34:45

Health: -1/70      AC:  6    Str: 11 (13) XL:     8   Next: 25%
Magic:  10/13      EV: 12    Int: 14 (16) God:    Cheibriados [......]
Gold:   339        SH:  0    Dex: 13 (14) Spells: 4/14 levels left

rFire   . . .      SeeInvis .     - Unarmed
rCold   + . .      Faith    +   (no shield)
rNeg    . . .      Spirit   .   (armour unavailable)
rPois   .          Reflect  .   (helmet restricted)
rElec   .          Harm     .   (no cloak)
rCorr   .          Rampage  .   (no gloves)
Will    .....                   (no boots)
Stlth   +.........              w - amulet of faith
HPRegen 0.21/turn               (no ring)
MPRegen 0.13/turn               (no ring)

@: wereblooded, very slow
A: breathe frost, AC +6, unfitting armour, cold resistance 1, cold-blooded
a: Breathe Frost, Renounce Religion


You were on level 8 of the Dungeon.
You worshipped Cheibriados.
Cheibriados was noncommittal.
You visited 2 branches of the dungeon, and saw 9 of its levels.

You collected 339 gold pieces.

Inventory:

Missiles
 f - 3 javelins
 u - a throwing net {!f}
Magical Staves
 h - a staff of earth
Jewellery
 s - a ring of ice
 w - an amulet of faith (around neck)
Wands
 l - a wand of flame (11)
 o - a wand of mindburst (11)
Scrolls
 a - 2 scrolls of teleportation
 g - 3 scrolls of enchant weapon
 k - 2 scrolls of magic mapping
 x - a scroll of enchant armour
 y - a scroll of noise
Potions
 b - 3 potions of degeneration
 c - 2 potions of heal wounds
 d - a potion of curing {@q1}
 e - 2 potions of mutation {unknown}
 i - a potion of berserk rage
 j - 2 potions of flight {unknown}
 m - a potion of might {unknown}
 p - a potion of ambrosia {unknown}
 q - 2 potions of cancellation {unknown}
 t - a potion of lignification {unknown}
 v - a potion of brilliance {unknown}


   Skills:
 + Level 6.2 Fighting
 - Level 1.9 Dodging
 + Level 5.4 Unarmed Combat
 - Level 3.6 Spellcasting
 + Level 6.0 Transmutations


You had 4 spell levels left.
You knew the following spells:

 Your Spells              Type           Power      Damage    Failure   Level
a - Beastly Appendage     Tmut           38%        N/A       1%          1
b - Wereblood             Tmut           19%        N/A       2%          2
c - Spider Form           Tmut/Pois      10%        N/A       19%         3
d - Ice Form              Ice/Tmut       10%        N/A       52%         4

Your spell library contained the following spells:

 Spells                   Type           Power      Damage    Failure   Level
 Ignite Poison            Fire/Tmut/Pois 8%         N/A       26%         3
 Conjure Flame            Conj/Fire      2%         6-21      52%         3
 Gell's Gravitas          Tloc           2%         N/A       52%         3
 Lesser Beckoning         Tloc           2%         N/A       52%         3
 Teleport Other           Tloc           2%         N/A       52%         3
 Sticky Flame             Conj/Fire      2%         2d3       90%         4
 Dispersal                Tloc           1%         N/A       100%        6


Dungeon Overview and Level Annotations

Branches:
Dungeon (8/15)             Temple (1/1) D:7
   Lair: D:8-11

Altars:
Ashenzari
Cheibriados
Dithmenos
Elyvilon
Fedhas
Gozag
Hepliaklqana
Kikubaaqudgha
Makhleb
Nemelex Xobeh
Okawaru
Qazlal
Ru
Sif Muna
Trog
Uskayaw
Vehumet
Wu Jian
Xom
Yredelemnul
Zin
The Shining One

Shops:
D:1 [**[!   D:3 *   D:7 :?*(


Innate Abilities, Weirdness & Mutations

You can breathe waves of freezing cold which knock back foes.
Your icy white scales are hard. (AC +6)
You cannot fit into any form of body armour.
Your flesh is cold resistant. (rC+)
You are cold-blooded and may be slowed by cold attacks.


Message History

The gnoll sergeant is poisoned.
The gnoll sergeant hits you with a +0 spear!
You take 9 damage, and have 32/70 hp.
You barely miss the gnoll sergeant.
The gnoll sergeant is lightly wounded.
You hiss as the wereblood boils in your veins!
The gnoll sergeant hits you with a +0 spear!
* * * LOW HITPOINT WARNING * * *
The gnoll hits you from afar with a +0 spear.
* * * LOW HITPOINT WARNING * * *
The gnoll sergeant barely misses you.
You take 16 damage, and have 16/70 hp.
MASSIVE DAMAGE!!
You hit the gnoll sergeant.
The gnoll sergeant looks as sick as possible!
The gnoll sergeant is lightly wounded.
The gnoll sergeant closely misses you. The gnoll closely misses you.
You bite the gnoll sergeant!
The gnoll sergeant looks as sick as possible!
The gnoll sergeant is moderately wounded.
You hiss as the wereblood boils in your veins!
The gnoll sergeant misses you. The gnoll barely misses you.
You bite the gnoll sergeant!
The gnoll sergeant looks as sick as possible!
The gnoll sergeant is heavily wounded.
You hiss as the wereblood boils in your veins!
You hear a shout!
The gnoll sergeant misses you. The gnoll misses you.
The gnoll sergeant misses you.
You bite the gnoll sergeant!
The gnoll sergeant is severely wounded.
Your transformation has ended.
The gnoll sergeant hits you with a +0 spear.
* * * LOW HITPOINT WARNING * * *
The gnoll barely misses you.
You take 6 damage, and have 11/70 hp.
You barely miss the gnoll sergeant.
The gnoll sergeant is severely wounded.
You howl as the wereblood boils in your veins!
The gnoll sergeant hits you with a +0 spear!
You die...

#### ##.....
#...#.#.....
.........g. ..........
.......g. #......g.
#.###### #...g.g# ..
#.####@# #.# #.#...)#
#.# #.#.#### #.# #.#
#.#
#.#############.#######
#......................
###########...........#
##.#.........
####.##..##.


You could see a gnoll sergeant (berserk, extremely poisoned) and a gnoll.

Vanquished Creatures
  A sky beast (D:7)
  3 ogres
  A phantom (D:6)
  A scorpion (D:6)
  2 killer bees
  A howler monkey (D:6)
  A centaur zombie (D:5)
  A hound (D:7)
  A jelly (D:6)
  2 bullfrog skeletons
  2 centaur skeletons (D:7)
  Jessica (D:3)
  2 iguanas
  An orc wizard (D:6)
  Natasha (thrice) (D:4)
  A killer bee zombie (D:7)
  A hound skeleton (D:4)
  A howler monkey zombie (D:6)
  6 gnolls
  A howler monkey skeleton (D:7)
  3 adders
  A shadow imp (D:7)
  2 ufetubi (D:5)
  4 worms
  10 orcs
  7 ball pythons
  3 endoplasms
  5 giant cockroaches
  2 goblins
  8 hobgoblins
  6 jackals
  3 quokkas
  3 bats
  A frilled lizard (D:3)
  7 kobolds
  2 rats (D:1)
100 creatures vanquished.

Notes
Turn   | Place    | Note
-------+----------+-------------------------------------------
     0 | D:1      | Orthodox the Draconian Transmuter began the quest for the
                  | Orb.
     0 | D:1      | Reached XP level 1. HP: 16/16 MP: 3/3
    26 | D:1      | Found Bom Xuh's Antique Armour Shop.
   139 | D:1      | Reached XP level 2. HP: 23/23 MP: 3/5
   298 | D:1      | Found Geqosm's Distillery.
   703 | D:1      | Found Umionusi's General Store.
   714 | D:1      | Learned a level 2 spell: Wereblood
   759 | D:1      | Found Hylateinn's General Store.
   761 | D:1      | Found Zurid's Antique Armour Shoppe.
   784 | D:1      | Found a faded altar of an unknown god.
  1167 | D:2      | Reached XP level 3. HP: 22/29 MP: 4/6
  1284 | D:2      | Learned a level 3 spell: Spider Form
  1874 | D:3      | Noticed Jessica
  1977 | D:3      | Found Ceohen's General Store.
  2208 | D:3      | Found a sparkling altar of Nemelex Xobeh.
  2397 | D:3      | Killed Jessica
  2398 | D:3      | Reached XP level 4. HP: 22/37 MP: 6/8
  2630 | D:3      | Found a blossoming altar of Fedhas.
  2639 | D:3      | Found an ornate altar of the Wu Jian Council.
  2705 | D:3      | Found a sacrificial altar of Ru.
  2798 | D:4      | Noticed an ogre
  3042 | D:4      | Noticed Natasha
  3054 | D:4      | Killed Natasha
  3392 | D:4      | Noticed Natasha
  3396 | D:4      | Killed Natasha
  3397 | D:4      | Reached XP level 5. HP: 38/45 MP: 7/9
  3631 | D:4      | Noticed Natasha
  3637 | D:4      | Killed Natasha
  4029 | D:4      | Noticed an ogre
  4035 | D:4      | Killed an ogre
  4036 | D:4      | Reached XP level 6. HP: 52/52 MP: 6/11
  4051 | D:4      | Learned a level 4 spell: Ice Form
  4265 | D:5      | Entered Level 5 of the Dungeon
  5776 | D:6      | Your scales start taking on an icy white colour.
  5776 | D:6      | Reached XP level 7. HP: 60/60 MP: 8/12
  5776 | D:6      | Gained mutation: Your flesh is cold resistant. (rC+) [White
                  | Draconian growth]
  6373 | D:6      | Reached skill level 5 in Fighting
  6373 | D:6      | Reached skill level 5 in Transmutations
  7062 | D:7      | Found Omeeqis's Weapon Boutique.
  7710 | D:7      | Found Fagg's Antique Weapon Shop.
  7751 | D:7      | Found Miqoasaj's Book Boutique.
  7802 | D:7      | Found Zoptac's Magic Scroll Boutique.
  7833 | D:7      | Reached skill level 5 in Unarmed Combat
  7837 | D:7      | Noticed a six-headed hydra
  8070 | D:6      | Reached XP level 8. HP: 59/70 MP: 1/13
  8199 | D:7      | Found a staircase to the Ecumenical Temple.
  8209 | Temple   | Entered the Ecumenical Temple
  8333 | Temple   | Became a worshipper of Cheibriados the Contemplative
  8446 | D:7      | Found Cetreps's General Store.
  9621 | D:8      | Slain by a gnoll sergeant

Illustrated notes

Levels and vault maps discovered:
D:1:      minmay_arrival_four_houses, layout_basic, basic_ecumenical_altar,
          serial_shops, shop, nicolae_shop_hallway_plus, nicolae_lakefront_shop,
          shop, shop
D:2:      layout_basic
D:3:      layout_rooms, minitemple, gammafunk_temple_overflow_statue,
          serial_shops, nicolae_shop_hallway_stairs, amethyst_killhole,
          uniq_jessica
D:4:      layout_loops_ring, bh_walls_and_bars, uniq_natasha
D:5:      layout_cave_pods
D:6:      layout_cave_pools
D:7:      layout_layer_cave, minmay_temple_entry_mini_moons, serial_shops, shop,
          kennysheep_little_box, nicolae_shop_waterfront, shop,
          nicolae_shop_statue_plus
D:8:      minmay_bloctagon_deflated, layout_cave_pools, roderic_lattice_a,
          minmay_misc_feat_ornament, kennysheep_dice
Temple:   compressed_dpeg_circular_temple

Skill      XL: |  1  2  3  4  5  6  7  8 |
---------------+-------------------------+-----
Fighting       | 2 3 4 5 6 |  6.2
Transmutations | 3 4 5 6 |  6.0
Spellcasting   | 3 |  3.6
Unarmed Combat | 4 5 |  5.4
Dodging        | |  1.9

Action                   |  1- 3 |  4- 6 |  7- 9 || total
-------------------------+-------+-------+-------++-------
Melee: Unarmed           |   111 |   137 |   144 ||   392
       Tailslap          |    15 |     6 |     4 ||    25
       Kick              |    22 |    24 |     6 ||    52
       Headbutt          |     7 |    17 |     5 ||    29
       Punch             |     1 |     1 |     1 ||     3
 Cast: Beastly Appendage |    34 |    21 |     4 ||    59
       Wereblood         |     1 |       |     1 ||     2
       Spider Form       |       |     6 |    19 ||    25
Evoke: Wand              |       |       |     1 ||     1
  Use: Scroll            |       |     1 |    11 ||    12
       Potion            |       |       |     3 ||     3
Armor: Skin              |    25 |    41 |    28 ||    94
Dodge: Dodged            |    56 |    93 |   161 ||   310
